 Dungeon Crawl Stone Soup version 0.29.0-4-gdea44cf6ec (webtiles) character file.

Game seed: 18231330894017622134

32 qw the Chopper (level 3, 0/21 HPs)
             Began as a Tengu Warper on Aug 29, 2022.
             Slain by a goblin
             ... wielding a +0 club
             ... led by Robin
              (5 damage)
             ... on level 2 of the Dungeon.
             The game lasted 00:00:29 (1619 turns).

qw the Chopper (Tengu Warper)                       Turns: 1619, Time: 00:00:30

Health: 0/21       AC:  8    Str: 19    XL:     3   Next: 25%
Magic:  7/7        EV:  8    Int: 13    God:
Gold:   12         SH:  0    Dex: 13    Spells: 6/6 levels left

rFire   . . .      SeeInvis .   Y - +0 hand axe
rCold   . . .      Faith    .   (no shield)
rNeg    . . .      Spirit   .   i - +0 chain mail
rPois   .          Reflect  .   (helmet restricted)
rElec   .          Harm     .   (no cloak)
rCorr   .          Rampage  .   (no gloves)
Will    .....                   (boots unavailable)
Stlth   ..........              (no amulet)
HPRegen 0.07/turn               d - +6 ring of strength
MPRegen 0.10/turn               (no ring)

@: lethally poisoned (0 -> -6)
A: beak, talons 3
a: no special abilities


You were on level 2 of the Dungeon.
You visited 1 branch of the dungeon, and saw 2 of its levels.

You collected 12 gold pieces.


Innate Abilities, Weirdness & Mutations

You have a beak for a mouth.
You have claws for feet.


   Skills:
 - Level 2.0 Fighting
 + Level 4.0 Axes
 - Level 1.0 Throwing
 - Level 1.1 Armour
 - Level 2.1 Dodging
 - Level 2.0 Spellcasting
 - Level 2.4 Translocations


You had 6 spell levels left.
You didn't know any spells.
Your spell library contained the following spells:

 Spells                   Type           Power      Damage    Failure   Level
 Blink                    Tloc           14%        N/A       88%         2
 Gell's Gravitas          Tloc           7%         N/A       98%         3
 Lesser Beckoning         Tloc           7%         N/A       98%         3
 Teleport Other           Tloc           7%         N/A       98%         3
 Manifold Assault         Tloc           7%         N/A       100%        5

Inventory:

Hand Weapons
 f - a +0 club
 Y - a +0 hand axe (weapon)
Armour
 i - a +0 chain mail (worn)
Jewellery
 d - a +6 ring of strength (left hand)
Scrolls
 a - a scroll of amnesia {unknown}
 c - a scroll of acquirement {unknown}
Potions
 b - a potion of haste {unknown}
 e - a potion of invisibility {unknown}
 j - a potion of ambrosia {unknown}

Dungeon Overview and Level Annotations

Branches:
Dungeon (2/15)

Altars:

Annotations:
D:2 Robin


Message History

The goblin shouts! x2; The hobgoblin shouts!
You hear a shout!
Robin throws the goblin at you!
A goblin comes into view. It is wielding a +0 club.
The goblin completely misses you.
A hobgoblin comes into view.
The goblin shouts!
You hit the goblin.
You kill the goblin!
A goblin comes into view. It is wielding a +0 club.
A goblin and a hobgoblin come into view.
The goblin is wielding a +0 dagger of venom.
The goblin shouts!
The hobgoblin shouts!
Robin throws the goblin at you!
The goblin moves out of view.
You closely miss the goblin. Your kick misses the goblin.
You closely miss the hobgoblin. The goblin hits you with a +0 club.
The hobgoblin barely misses you.
You hit the goblin.
You kill the goblin!
You closely miss the hobgoblin. The hobgoblin closely misses you.
You hit the hobgoblin but do no damage. You claw the hobgoblin.
The hobgoblin is moderately wounded.
The hobgoblin hits you. Robin throws the goblin at you!
You hit the hobgoblin. Your kick misses the hobgoblin.
Your peck misses the hobgoblin.
The hobgoblin is almost dead.
You closely miss the goblin.
The goblin hits you with a +0 dagger of venom.
The hobgoblin hits you.
You slash the hobgoblin!
You kill the hobgoblin!
You barely miss the goblin.
The goblin hits you with a +0 dagger of venom.
You are lethally poisoned!
Your Axes skill increases to level 4!
You hit the goblin. Your kick misses the goblin.
The goblin is moderately wounded.
You hit the goblin but do no damage.
You feel sick. The goblin hits you with a +0 club.
You die...

........####...#.#
..............>#.#
...............#.#
##......####...#.#
##......# #...#.#
........# #...#)#
........# #...#)#
......[.# ##..#g#
........+ ..#@#
#g......#
g######.# .g ..g
.... #.#.. #....


You could see Robin, a hobgoblin (strong) and 3 goblins.

Vanquished Creatures
  An adder (D:2)
  2 bats (D:2)
  An endoplasm (D:1)
  5 goblins
  3 hobgoblins
  A quokka (D:1)
  3 ball pythons
  2 frilled lizards
  2 kobolds (D:1)
  A rat (D:1)
21 creatures vanquished.

Notes
Turn   | Place    | Note
-------+----------+-------------------------------------------
     0 | D:1      | qw the Tengu Warper began the quest for the Orb.
     0 | D:1      | Reached XP level 1. HP: 12/12 MP: 4/4
     0 | D:1      | 0 ||| qw: Version: 0.1-a-89-g26bdef1
     0 | D:1      | 0 ||| qw: Game counter: 3481
     0 | D:1      | 0 ||| qw: Always use a shield: true
     0 | D:1      | 0 ||| qw: God list: Okawaru
     0 | D:1      | 0 ||| qw: Allow faded altars: false
     0 | D:1      | 0 ||| qw: Do Orc after D:15 true
     0 | D:1      | 0 ||| qw: Do second Lair branch before Depths: true
     0 | D:1      | 0 ||| qw: Lair rune preference: random
     0 | D:1      | 0 ||| qw: Plans: Normal
     0 | D:1      | 0 ||| PLANNING D:1-11
    13 | D:1      | 13 ||| Stepping ~*~*~tactically~*~*~ (stealth).
   390 | D:1      | Reached skill level 3 in Axes
   390 | D:1      | Reached XP level 2. HP: 11/17 MP: 6/6
  1052 | D:1      | 1052 ||| UPGRADING to +0 ring mail.
  1062 | D:1      | 1062 ||| DROPPING +0 leather armour.
  1063 | D:1      | 1063 ||| UPGRADING to +0 chain mail.
  1073 | D:1      | 1073 ||| DROPPING +0 ring mail.
  1074 | D:1      | 1074 ||| UPGRADING to +6 ring of strength.
  1075 | D:1      | 1075 ||| READING scroll labelled CIOJETHR MEUFUW.
  1209 | D:1      | 1209 ||| DROPPING scroll of blinking.
  1456 | D:2      | Identified the +5 dagger of Umianax {drain, Will+ Int+2}
  1520 | D:2      | Reached XP level 3. HP: 21/21 MP: 7/7
  1610 | D:2      | Noticed Robin
  1619 | D:2      | Reached skill level 4 in Axes
  1619 | D:2      | HP: 5/21 [poisoned by a goblin]
  1619 | D:2      | Slain by a goblin

Levels and vault maps discovered:
D:1:      saegor_arrival_miasma, layout_rooms, lemuel_flame_loot_1
D:2:      layout_basic, uniq_robin

Skill      XL: |  1  2  3 |
---------------+----------+-----
Axes           | 3 4 |  4.0
Fighting       | |  2.0
Throwing       | |  1.0
Armour         | |  1.1
Dodging        | |  2.1
Spellcasting   | |  2.0
Translocations | |  2.4

Action                   || total
-------------------------++-------
Melee: Hand axe          ||    50
       Kick              ||     7
       Peck              ||     3
Throw: Boomerang         ||     7
  Use: Scroll            ||     1
Armor: Leather armour    ||     9
       Chain mail        ||     9
Dodge: Dodged            ||    22

Table legend:
 A = Non-vault XP
 B = Vault XP
 C = Vault XP percentage of total XP
 D = Non-vault monster count
 E = Vault monster count
 F = Vault count percentage of total count
                 A         B        C        D         E       F
            +---------+---------+-------+---------+---------+-------
      Total |      38 |       8 |  17.4 |      17 |       4 |  19.0
            +---------+---------+-------+---------+---------+-------
        D:1 |      17 |       0 |   0.0 |      11 |       0 |   0.0
        D:2 |      21 |       8 |  27.6 |       6 |       4 |  40.0
            +---------+---------+-------+---------+---------+-------
